 Dungeon Crawl Stone Soup version 0.28.0-45-g0d030f2227 (webtiles) character file.

Game seed: 11648942152810532749

78 McKennaii the Conjurer (level 4, -2/30 HPs)
             Began as a Demonspawn Conjurer on Apr 8, 2022.
             Succumbed to an orc wizard's poison
             ... on level 3 of the Dungeon.
             The game lasted 00:01:24 (2208 turns).

McKennaii the Conjurer (Demonspawn Conjurer)        Turns: 2208, Time: 00:01:25

Health: -2/30      AC:  3    Str:  7    XL:     4   Next: 15%
Magic:  0/8        EV: 12    Int: 21    God:
Gold:   103        SH:  4    Dex: 12    Spells: 8/9 levels left

rFire   . . .      SeeInvis .   b - +0 dagger (elec)
rCold   . . .      Faith    .   (no shield)
rNeg    . . .      Spirit   .   a - +0 robe
rPois   .          Reflect  .   (helmet restricted)
rElec   .          Harm     .   e - +0 cloak
rCorr   .          Rampage  .   (no gloves)
Will    .....                   (no boots)
Stlth   ++........              (no amulet)
HPRegen 0.10/turn               (no ring)
MPRegen 0.11/turn               (no ring)

@: lethally poisoned (-2 -> -23)
A: horns 1, condensation shield
a: no special abilities


You were on level 3 of the Dungeon.
You visited 1 branch of the dungeon, and saw 3 of its levels.

You collected 103 gold pieces.

Inventory:

Hand Weapons
 b - a +0 dagger of electrocution (weapon)
Armour
 a - a +0 robe (worn)
 e - a +0 cloak (worn)
Magical Staves
 k - a staff of poison
Scrolls
 c - a scroll of vulnerability {unknown}
 d - 3 scrolls of teleportation {unknown}
 h - 3 scrolls of identify {unknown}
 i - a scroll of blinking {unknown}
 j - a scroll of fog {unknown}
 m - a scroll of enchant weapon {unknown}
 n - a scroll of enchant armour {unknown}
 o - a scroll of noise {unknown}
Potions
 f - 2 potions of attraction {unknown}
 g - a potion of ambrosia {unknown}
 l - a potion of cancellation {unknown}
 p - a potion of invisibility {unknown}


   Skills:
 - Level 1.7 Dodging
 - Level 1.7 Stealth
 + Level 3.2 Spellcasting
 + Level 4.9 Conjurations


You had 8 spell levels left.
You knew the following spells:

 Your Spells              Type           Power      Damage    Failure   Level
a - Magic Dart            Conj           96%        1d7       1%          1

Your spell library contained the following spells:

 Spells                   Type           Power      Damage    Failure   Level
 Searing Ray              Conj           48%        2d6       2%          2
 Beastly Appendage        Tmut           6%         N/A       13%         1
 Dazzling Flash           Conj/Hex       26%        N/A       14%         3
 Wereblood                Tmut           3%         N/A       21%         2
 Spider Form              Tmut/Pois      3%         N/A       36%         3
 Fulminant Prism          Conj/Hex       6%         3d7       43%         4
 Iskenderun's Mystic Bla  Conj/Tloc      13%        2d5       43%         4


Dungeon Overview and Level Annotations

Branches:
Dungeon (3/15)

Altars:
Zin

Shops:
D:2 (


Innate Abilities, Weirdness & Mutations

You have a pair of small horns on your head.
A meltable shield of frost defends you. (SH +4)


Message History

You block the adder's attack. The bat misses you. You block the bat's attack.
The magic dart hits the adder.
The adder is heavily wounded.
The adder closely misses you.
The magic dart hits the adder.
The adder is severely wounded.
The adder bites you but does no damage. The adder bites you.
The magic dart hits the adder.
You kill the adder!
The bat hits you but does no damage. You block the bat's attack.
You have reached level 4!
You feel agile.
You hit the bat. Lightning courses through the bat!!
You kill the bat!
The orc wizard gestures wildly while chanting.
The orc wizard flickers and vanishes!
Deactivating autopickup; reactivate with Ctrl-A.
You barely miss the orc. Your headbutt misses the orc.
The orc hits you with a +0 mace.
You hit the orc. Lightning courses through the orc!
You kill the orc!
You hit something but do no damage. Your headbutt misses something.
Something hits you.
You miss something. Something hits you.
You are poisoned.
Casting: Magic Dart (safe; 1% risk of failure)
Confirm with . or Enter, or press ? or * to list all spells.
Aiming: Magic Dart (safe; 1% risk of failure)
Press: ? - help, Shift-Dir - straight line The magic dart hits something.
You feel sick. Something hits you.
* * * LOW HITPOINT WARNING * * *
You are more poisoned.
Casting: Magic Dart (safe; 1% risk of failure)
Confirm with . or Enter, or press ? or * to list all spells.
Aiming: Magic Dart (safe; 1% risk of failure)
Press: ? - help, Shift-Dir - straight line The magic dart hits something but does no damage.
You die...

.. #.#... . ####
#.o###.#..#.#
.......#..#.####
................
#.....).........
#..#.#.#.#######
#.#.# #.# #.#)# #.#
..#@# #.#
..#.#########.###
##.#.............#
#.########......####
#....>.....
##.....#### #.....#
###.### #.#


There were no monsters in sight!

Vanquished Creatures
  Jessica (D:2)
  2 adders
  A worm (D:3)
  2 orcs (D:3)
  2 endoplasms
  A giant cockroach (D:1)
  3 goblins
  A hobgoblin (D:3)
  3 quokkas
  A ball python (D:2)
  5 bats
  A frilled lizard (D:2)
  4 kobolds
  4 rats
31 creatures vanquished.

Notes
Turn   | Place    | Note
-------+----------+-------------------------------------------
     0 | D:1      | McKennaii the Demonspawn Conjurer began the quest for the
                  | Orb.
     0 | D:1      | Reached XP level 1. HP: 13/13 MP: 3/3
   318 | D:1      | Gained mutation: You have a pair of small horns on your
                  | head. [demonic ancestry]
   318 | D:1      | Reached XP level 2. HP: 19/19 MP: 1/5
   857 | D:2      | Noticed Jessica
   868 | D:2      | Killed Jessica
   869 | D:2      | Gained mutation: A meltable shield of frost defends you.
                  | (SH +4) [demonic ancestry]
   869 | D:2      | Reached XP level 3. HP: 7/24 MP: 1/7
  1384 | D:2      | Found a faded altar of an unknown god.
  1659 | D:2      | Found Nytai's Weapon Emporium.
  2200 | D:3      | Reached XP level 4. HP: 17/30 MP: 1/8
  2208 | D:3      | Succumbed to an orc wizard's poison

Illustrated notes

Levels and vault maps discovered:
D:1:      dpeg_arrival_rhombus, layout_rooms, hangedman_decor_lopped
D:2:      layout_basic, basic_altar, chequers_ecumenical_altar_grove,
          serial_shops, nicolae_shop_hallway_stairs, kennysheep_generic_room_10,
          uniq_jessica
D:3:      layout_loops_ring

Skill      XL: |  1  2  3 |
---------------+----------+-----
Spellcasting   | 3 |  3.2
Dodging        | |  1.7
Stealth        | |  1.7
Conjurations   | |  4.9

Action                   |  1- 3 |  4- 6 || total
-------------------------+-------+-------++-------
Melee: Unarmed           |     1 |       ||     1
       Dagger            |     5 |     5 ||    10
       Headbutt          |     1 |       ||     1
 Cast: Magic Dart        |    58 |     2 ||    60
Armor: Robe              |     8 |       ||     8
Dodge: Dodged            |    10 |       ||    10
Block: Other             |     6 |       ||     6
